 Dungeon Crawl Stone Soup version 0.32-a0-685-g93135e86f0 (webtiles) character file.

Game seed: 4494588543191434095

60 Djon the Sneak (level 3, -1/31 HPs)
             Began as a Demigod Delver on Mar 13, 2024.
             Slain by an adder (3 damage)
             ... on level 3 of the Dungeon.
             The game lasted 00:00:48 (462 turns).

Djon the Sneak (Demigod Delver)                      Turns: 462, Time: 00:00:48

Health: -1/31      AC:  3    Str: 13    XL:     3   Next: 55%
Magic:  5/5        EV: 12    Int: 16    God:
Gold:   39         SH:  0    Dex: 15    Spells: 2/2 levels left

rFire   . . .        a - +0 falchion
rCold   . . .        (no shield)
rNeg    . . .        b - +0 leather armour
rPois   .            (no helmet)
rElec   .            (no cloak)
rCorr   .            (no gloves)
SInv    .            (no boots)
Will    .....        (no amulet)
Stlth   +++          (no ring)
HPRegen 0.25/turn    (no ring)
MPRegen 0.09/turn

%: no passive effects
@: no status effects
A: high MP 1, forlorn, divine attributes
a: no special abilities


You were on level 3 of the Dungeon.
You visited 1 branch of the dungeon, and saw 3 of its levels.

You collected 39 gold pieces.

Inventory:

Hand Weapons
 a - a +0 falchion (weapon)
Armour
 b - a +0 leather armour (worn)
Wands
 g - a wand of digging (3)
 j - a wand of warping (3)
Scrolls
 c - a scroll of fog
 d - a scroll of revelation
 e - a scroll of fear
 i - a scroll of amnesia {unknown}
Potions
 f - a potion of haste
 h - a potion of berserk rage {unknown}


   Skills:
 + Level 3.4 Fighting
 + Level 2.7 Long Blades
 - Level 2.1 Dodging
 - Level 4.7 Stealth


You had 2 spell levels left.
You didn't know any spells.
Your spell library was empty.

Dungeon Overview and Level Annotations

Branches:
Dungeon (5/15)
 Temple: D:4-7


Innate Abilities, Weirdness & Mutations

You have an increased reservoir of magic. (+10% MP)
You shall have no god before yourself.
Your divine heritage dramatically boosts your attributes as you level up.


Message History

You are too injured to fight recklessly!
You are too injured to fight recklessly!
You are too injured to fight recklessly!
You are too injured to fight recklessly!
You are too injured to fight recklessly!
You are too injured to fight recklessly!
You miss the adder.
The adder is moderately wounded.
You feel sick. The adder barely misses you. x2
You closely miss the adder.
The adder is moderately wounded.
You feel sick. The adder bites you.
* * * LOW HITPOINT WARNING * * *
You completely miss the adder.
The adder is moderately wounded.
You feel sick. The adder barely misses you. The adder completely misses you.
You hit the adder.
The adder is severely wounded.
You feel sick. The adder bites you.
* * * LOW HITPOINT WARNING * * *
You closely miss the adder.
The adder is severely wounded.
You feel sick. The adder bites you.
* * * LOW HITPOINT WARNING * * *
The adder bites you.
* * * LOW HITPOINT WARNING * * *
You hit the adder but do no damage.
The adder is severely wounded.
You feel sick.
You are no longer poisoned.
The adder bites you.
* * * LOW HITPOINT WARNING * * *
Okay, then.
You hit the adder.
The adder is almost dead.
The adder bites you but does no damage. The adder barely misses you.
You miss the adder.
The adder is almost dead.
The adder bites you.
You die...

### ##
#.#########.###
#.........#...#
#######<#######...#
........#######...#
#######.#S........#
#.#.#####...#
#######.# #.@.#
..).....# #.S.#
#######.# #.....
.... ..#.### .#.###
####.# ..... .. ..
... .. ... .... ...
### #####


You could see an adder.

Vanquished Creatures
  An iguana (D:5)
  3 adders
  A bat (D:3)
  A goblin (D:4)
  A kobold (D:3)
7 creatures vanquished.

Notes
Turn   | Place    | Note
-------+----------+-------------------------------------------
     0 | D:5      | Djon the Demigod Delver began the quest for the Orb.
     0 | D:5      | Reached XP level 1. HP: 18/18 MP: 3/3
    27 | D:5      | Reached XP level 2. HP: 17/25 MP: 4/4
   120 | D:5      | Reached XP level 3. HP: 23/31 MP: 5/5
   460 | D:3      | HP: 1/31 [adder (1)]
   462 | D:3      | Slain by an adder

Illustrated notes

Levels and vault maps discovered:
D:3:      layout_basic, tso_altar, trog_three_pillars_becter,
          shapermc_ecumenical_altar_hornbeckon, uniq_robin
D:4:      layout_loops_ring
D:5:      layout_basic, uniq_eustachio

Skill      XL: |  1  2 |
---------------+-------+-----
Long Blades    | 2 |  2.7
Dodging        | 2 |  2.1
Fighting       | 3 |  3.4
Stealth        | |  4.7

Action                     || total
---------------------------++-------
  Melee: Falchion          ||    57
 Armour: Leather armour    ||    41
  Dodge: Dodged            ||    49

Table legend: (Time is in decaauts)
 A = Elapsed time spent in this place.
 B = Non-inter-level travel time spent in this place.
 C = Inter-level travel time spent in this place.
 D = Time resting spent in this place.
 E = Time spent auto-exploring this place.
 F = Levels seen in this place.
 G = Mean time per level.
                   A        B        C        D        E       F      G
               +--------+--------+--------+--------+--------+-----+--------+
         Total |    472 |    451 |     21 |     57 |    277 |   3 |  157.3 |
       Dungeon |    472 |    451 |     21 |     57 |    277 |   3 |  157.3 |
               +--------+--------+--------+--------+--------+-----+--------+

Top non-repeatable levels by time:
     D:4: 208 daAuts
     D:5: 177 daAuts
     D:3: 86 daAuts
